 Dungeon Crawl Stone Soup version 0.23.1 (webtiles) character file.

Game seed: 0

3045 PikkenKukken the Basher (level 9, 0/88 HPs)
             Began as a Troll Berserker on Mar 11, 2019.
             Was a Priest of Trog.
             Succumbed to a killer bee's poison
             ... on level 8 of the Dungeon.
             The game lasted 00:12:47 (8272 turns).

PikkenKukken the Basher (Troll Berserker)           Turns: 8272, Time: 00:12:48

Health: 0/88       AC:  8    Str: 27    XL:     9   Next: 56%
Magic:  1/8        EV: 12    Int:  4    God:    Trog [***...]
Gold:   574        SH:  0    Dex: 11    Spells: 8/8 levels left

rFire    + . .     SeeInvis .   f - +0 giant club
rCold    x . .     Gourm    +   (shield currently unavailable)
rNeg     . . .     Faith    .   b - +1 animal skin
rPois    .         Spirit   +   (helmet restricted)
rElec    .         Reflect  .   n - +0 cloak
rCorr    .         Harm     .   (gloves unavailable)
MR       +....                  (boots unavailable)
Stlth    +.........             l - amulet of guardian spirit
HPRegen  0.64/turn              h - ring of protection from magic
MPRegen  0.11/turn              d - ring of fire

@: lethally poisoned (0 -> -1), berserk cooldown
A: large, unfitting armour, claws 3, fast metabolism 3, gourmand, regeneration
1, shaggy fur 1, tough skin 3
a: Berserk, Trog's Hand, Renounce Religion


You were on level 8 of the Dungeon.
You worshipped Trog.
Trog was most pleased with you.
You were very hungry.

You visited 1 branch of the dungeon, and saw 9 of its levels.
You also visited: Sewer.

You collected 574 gold pieces.

Inventory:

Hand Weapons
 f - a +0 giant club (weapon)
 g - a +1 morningstar
Missiles
 v - 8 tomahawks (quivered)
Armour
 b - a +1 animal skin (worn)
 n - a +0 cloak (worn)
 u - a scarf of spirit shield
Jewellery
 d - a ring of fire (right claw)
 h - a ring of protection from magic (left claw)
 i - an uncursed ring of flight
 l - an amulet of guardian spirit (around neck)
Wands
 q - a wand of disintegration (17)
Scrolls
 e - a scroll of identify
 r - a scroll of remove curse
 t - 2 scrolls of teleportation
 x - a scroll of blinking
Potions
 a - a potion of haste {unknown}
 j - a potion of degeneration {unknown}
 k - 3 potions of magic
 m - a potion of lignification {unknown}
 o - 4 potions of curing
 p - 3 potions of might
 s - a potion of cancellation {unknown}
 w - a potion of invisibility {unknown}
Comestibles
 c - 10 rations
 z - a chunk of flesh


   Skills:
 + Level 5.5 Fighting
 * Level 8.3 Maces & Flails
 + Level 5.2 Throwing
 + Level 5.5 Dodging


You had 8 spell levels left.
You didn't know any spells.
Your spell library was empty.

Dungeon Overview and Level Annotations

Branches:
Dungeon (9/15)             Temple (0/1) D:7
   Lair: D:8-11         Orc: D:9-12

Altars:
Dithmenos
Elyvilon
Fedhas
Hepliaklqana
Okawaru
Sif Muna
Vehumet
Wu Jian
Xom
Zin

Shops:
D:4 *

Annotations:
D:3 1 runed translucent door, Crazy Yiuf
D:4 1 exclusion


Innate Abilities, Weirdness & Mutations

You are too large for most types of armour.
You have claws for hands.
Your metabolism is lightning-fast.
You like to eat raw meat.
Your natural rate of healing is unusually fast.
You are covered in fur. (AC +1)
You have extremely tough skin. (AC +3)


Message History

The killer bee stings you.
* * * LOW HITPOINT WARNING * * *
Something hits you.
* * * LOW HITPOINT WARNING * * *
The killer bee barely misses you. Something hits you.
* * * LOW HITPOINT WARNING * * *
You closely miss the killer bee.
You feel yourself speed up. The killer bee stings you!
* * * LOW HITPOINT WARNING * * *
You are more poisoned.
The killer bee poisons you! The killer bee barely misses you.
Something barely misses you.
The killer bee stings you but does no damage.
Something hits you.
* * * LOW HITPOINT WARNING * * *
The killer bee stings you.
* * * LOW HITPOINT WARNING * * *
You miss the killer bee.
You die...

...##..#........'............#...
.......#........#.....##...###...
.......#........#.....##>..####..
.......#........#.....##....#.##.
#..##..#........#...........#..##
#..##..#........#.....#######...'
...#...#........#.....#.....#...#
...#...#.......[#######.....#...#
#####..#.......{@...........#...#
....#..#.......y............'...#
....####....................#...#
............................#...+
............................###+#
.................................
................#######..........
................#^....#..........
####............#.....+..........


You could see a killer bee.

Vanquished Creatures
  Harold (D:7)
  A hippogriff (D:9)
  A hungry ghost (D:8)
  2 orc warriors
  A sky beast (D:5)
  2 centaurs (D:6)
  2 ogres
  A big kobold (D:6)
  2 bullfrogs
  A scorpion (D:8)
  4 killer bees (D:7)
  3 howler monkeys (D:8)
  A centaur zombie (D:8)
  4 crimson imps
  2 jellies (D:8)
  An orc priest (D:9)
  6 hounds
  A bullfrog skeleton (D:6)
  2 iguanas
  3 orc wizards
  3 worker ants
  A hound zombie (D:5)
  2 hound skeletons (D:6)
  4 adders
  A river rat (D:5)
  2 shadow imps (D:5)
  An adder skeleton (D:6)
  An adder zombie (D:7)
  3 worms
  A dart slug (D:3)
  3 leopard geckos
  16 orcs
  4 bats
  5 giant cockroaches
  3 goblins
  5 hobgoblins
  17 jackals
  2 quokkas
  4 ball pythons (Sewer)
  11 frilled lizards
  11 kobolds
  17 rats
  2 plants (Sewer)
160 creatures vanquished.

Notes
Turn   | Place    | Note
-------+----------+-------------------------------------------
     0 | D:1      | PikkenKukken the Troll Berserker began the quest for the
                  | Orb.
     0 | D:1      | Reached XP level 1. HP: 22/22 MP: 0/0
    56 | D:1      | Reached XP level 2. HP: 29/29 MP: 1/1
   229 | D:1      | Reached skill level 3 in Maces & Flails
   896 | D:1      | Reached ** piety under Trog
  1043 | D:2      | Found a shadowy altar of Dithmenos.
  1423 | D:2      | Reached XP level 3. HP: 33/36 MP: 2/2
  1783 | D:3      | Found a blossoming altar of Fedhas.
  1785 | D:3      | Found an iron altar of Okawaru.
  1785 | D:3      | Found a hazy altar of Hepliaklqana.
  1787 | D:3      | Reached skill level 1 in Throwing
  1901 | D:3      | Found a runed translucent door.
  1902 | D:3      | Noticed Crazy Yiuf
  1934 | D:3      | Found a white marble altar of Elyvilon.
  2470 | D:4      | Reached XP level 4. HP: 41/44 MP: 3/3
  2593 | D:4      | Noticed an ogre
  2599 | D:4      | Killed an ogre
  2599 | D:4      | Reached XP level 5. HP: 53/53 MP: 4/4
  2693 | D:4      | Found Xikhlayff's Assorted Antiques.
  2711 | D:4      | Reached skill level 4 in Maces & Flails
  2961 | D:4      | Found a deep blue altar of Sif Muna.
  3199 | D:5      | Entered Level 5 of the Dungeon
  3312 | D:5      | Found an ornate altar of the Wu Jian Council.
  3488 | D:5      | Reached XP level 6. HP: 60/61 MP: 5/5
  3697 | D:5      | Found a glowing drain.
  3701 | Sewer    | Entered a sewer
  4359 | D:5      | Reached *** piety under Trog
  4615 | D:6      | Noticed an orc warrior
  4682 | D:6      | Killed an orc warrior
  4682 | D:6      | Reached skill level 5 in Maces & Flails
  4682 | D:6      | Reached XP level 7. HP: 15/68 MP: 1/6
  5166 | D:6      | Noticed an angel
  5167 | D:6      | Found a glowing silver altar of Zin.
  5175 | D:6      | Found a shimmering altar of Xom.
  5321 | D:5      | HP: 3/70 [sky beast (5)]
  5423 | D:6      | Reached skill level 6 in Maces & Flails
  5423 | D:6      | Reached XP level 8. HP: 71/78 MP: 5/7
  6140 | D:6      | HP: 3/79 [poisoned by a killer bee]
  6145 | D:6      | HP: 2/79 [poisoned by a killer bee]
  6151 | D:6      | HP: 2/79 [poisoned by a killer bee]
  6509 | D:7      | Found a staircase to the Ecumenical Temple.
  6719 | D:7      | Noticed Harold
  6741 | D:7      | Killed Harold
  6741 | D:7      | Reached skill level 5 in Fighting
  6741 | D:7      | Reached skill level 7 in Maces & Flails
  6741 | D:7      | Reached skill level 5 in Dodging
  6741 | D:7      | Reached XP level 9. HP: 88/88 MP: 4/8
  7130 | D:8      | Found a radiant altar of Vehumet.
  7934 | D:8      | Reached skill level 8 in Maces & Flails
  7934 | D:8      | Reached skill level 5 in Throwing
  8271 | D:8      | HP: 4/88 [something (1)]
  8271 | D:8      | HP: 1/88 [killer bee (3)]
  8272 | D:8      | Succumbed to a killer bee's poison

Skill      XL: |  1  2  3  4  5  6  7  8  9 |
---------------+----------------------------+-----
Maces & Flails | 3 4 5 6 7 8 |  8.3
Throwing       | 1 2 3 4 5 |  5.2
Fighting       | 3 4 5 |  5.5
Dodging        | 3 4 5 |  5.5

Action                   |  1- 3 |  4- 6 |  7- 9 || total
-------------------------+-------+-------+-------++-------
Melee: Mace              |   120 |       |       ||   120
       Morningstar       |    32 |     3 |       ||    35
       Giant club        |       |   182 |   300 ||   482
Invok: Berserk           |     1 |     3 |     9 ||    13
       Trog's Hand       |       |       |     4 ||     4
  Use: Scroll            |     7 |     5 |     2 ||    14
       Potion            |       |       |     2 ||     2
 Stab: Sleeping          |       |     1 |       ||     1
  Eat: Chunk             |    28 |    26 |    34 ||    88
       Ration            |       |       |     1 ||     1
Armor: Animal skin       |    86 |    96 |   163 ||   345
Dodge: Dodged            |   125 |   139 |   241 ||   505
